 Dungeon Crawl Stone Soup version 0.19-a0-1827-g174f941 (webtiles) character file.

135 Miyamura the Skirmisher (level 4, -2/40 HPs)
             Began as a Draconian Monk on Oct 7, 2016.
             Slain by Crazy Yiuf
             ... wielding a +3 quarterstaff of chaos
              (17 damage)
             ... on level 2 of the Dungeon.
             The game lasted 00:03:29 (1901 turns).

Miyamura the Skirmisher (Draconian Monk)            Turns: 1901, Time: 00:03:30

Health: -2/40      AC:  5    Str: 18    XL:     4   Next: 96%
Magic:  5/6        EV: 13    Int: 11    God:
Gold:   110        SH:  0    Dex: 14    Spells: 0 memorised, 6 levels left

rFire  . . .     SeeInvis .       - Unarmed
rCold  . . .     Gourm    .     (armour unavailable)
rNeg   . . .     Faith    .     (no shield)
rPois  .         Spirit   .     (helmet restricted)
rElec  .         Dismiss  .     (no cloak)
rCorr  .         Reflect  .     (no gloves)
MR     .....     Harm     .     (no boots)
Stlth  ++........               (no amulet)
                                (no ring)
                                (no ring)

@: mighty, drained
A: unfitting armour, cold-blooded, AC +5
a: no special abilities


You were on level 2 of the Dungeon.
You were not hungry.

You visited 1 branch of the dungeon, and saw 2 of its levels.

You collected 110 gold pieces.

Inventory:

Missiles
 d - 118 stones (quivered)
Scrolls
 c - a scroll of teleportation {unknown}
 e - a scroll of recharging {unknown}
 f - a scroll of noise {unknown}
 h - a scroll of blinking {unknown}
 n - 2 scrolls of identify {unknown}
Potions
 i - a potion of cancellation
Comestibles
 a - 2 bread rations
 b - 2 beef jerkies
 k - a meat ration
 l - 2 chunks of flesh


   Skills:
 + Level 4.0(3.7) Fighting
 + Level 3.2(3.0) Dodging
 + Level 2.6(2.3) Stealth
 + Level 3.7(3.4) Unarmed Combat
 + Level 1.8(1.5) Spellcasting


You had 6 spell levels left.
You didn't know any spells.

Dungeon Overview and Level Annotations

Branches:
Dungeon (2/15)

Altars:

Annotations:
D:2 Crazy Yiuf


Innate Abilities, Weirdness & Mutations

Your plain brown scales are hard. (AC +5)
You cannot fit into any form of body armour.
You are cold-blooded and may be slowed by cold attacks.


Message History

Crazy Yiuf hits you with a quarterstaff of chaos!
You feel your power leaking away.
You barely miss Crazy Yiuf.
Crazy Yiuf says, "Citrus!
Scoff verde sallow."
Crazy Yiuf hits you with a quarterstaff of chaos!
* * * LOW HITPOINT WARNING * * *
x2 You are too injured to fight recklessly!
There is an open door here.
You feel much better. Crazy Yiuf closely misses you.
It was a potion of might.
You feel very mighty all of a sudden.
Crazy Yiuf whimpers, "Pitchfork!"
Crazy Yiuf hits you with a quarterstaff of chaos.
You feel drained.
You hit Crazy Yiuf.
You tail-slap Crazy Yiuf, but do no damage.
Crazy Yiuf is moderately wounded.
Crazy Yiuf hits you with a quarterstaff of chaos.
You are electrocuted!
You die...

#..###+..+#
#..# #....#
#..# #.PP.#
#..# #.PP##
#..# ##.##
#..# #.##
#..# ##.#
#..# #.##
#### ##@#
##g## #...#
#...# #..)#
#####


You could see Crazy Yiuf.

Vanquished Creatures
  Natasha (twice) (D:2)
  2 adders (D:2)
  An ooze (D:1)
  3 dart slugs
  2 leopard geckos (D:2)
  2 ball pythons
  2 giant cockroaches (D:1)
  7 goblins
  4 hobgoblins
  11 jackals
  6 frilled lizards
  6 kobolds
  4 rats
52 creatures vanquished.

Notes
Turn   | Place    | Note
-------+----------+-------------------------------------------
     0 | D:1      | Miyamura the Draconian Monk began the quest for the Orb.
     0 | D:1      | Reached XP level 1. HP: 19/19 MP: 1/1
   211 | D:1      | Reached XP level 2. HP: 24/26 MP: 2/2
   299 | D:1      | Reached skill level 1 in Spellcasting
   555 | D:1      | Reached XP level 3. HP: 14/31 MP: 4/4
  1503 | D:2      | Reached XP level 4. HP: 32/40 MP: 6/6
  1578 | D:2      | Noticed Natasha
  1619 | D:2      | Killed Natasha
  1626 | D:2      | Noticed Natasha
  1639 | D:2      | Killed Natasha
  1639 | D:2      | Reached skill level 4 in Fighting
  1690 | D:2      | Found a runed door.
  1888 | D:2      | Noticed Crazy Yiuf
  1901 | D:2      | Slain by Crazy Yiuf

Vault maps used:
D:1:      dpeg_arrival_boxorama
D:2:      first_bread, minmay_tromino_i2, uniq_crazy_yiuf_cottage, uniq_natasha

Skill      XL: |  1  2  3  4 |
---------------+-------------+-----
Stealth        | 2 |  2.6
Spellcasting   | 1 |  1.8
Dodging        | 3 |  3.2
Fighting       | 4 |  4.0
Unarmed Combat | |  3.7

Action                   |  1- 3 |  4- 6 || total
-------------------------+-------+-------++-------
Melee: Unarmed           |   169 |    66 ||   235
       Tailslap          |    13 |    10 ||    23
       Punch             |     1 |       ||     1
  Use: Potion            |       |     8 ||     8
 Stab: Sleeping          |     1 |     1 ||     2
  Eat: Chunk             |     2 |     2 ||     4
Armor: Skin              |    64 |    25 ||    89
Dodge: Dodged            |   129 |    46 ||   175
